 Dungeon Crawl Stone Soup version 0.32-a0-900-g30fb1b0 (webtiles) character file.

Game seed: 11886052618329822323

4661 ONIKS the Cleaver (level 10, -9/86 HPs)
             Began as a Minotaur Fighter on Apr 5, 2024.
             Was a Follower of Makhleb.
             Killed by divine providence
             ... invoked by an orc priest
              (14 damage)
             ... on level 8 of the Dungeon.
             The game lasted 00:20:18 (7277 turns).

ONIKS the Cleaver (Minotaur Fighter)                Turns: 7277, Time: 00:20:19

Health: -9/86      AC: 15    Str: 24    XL:     10   Next: 20%
Magic:  9/9        EV: 11    Int:  5    God:    Makhleb [*.....]
Gold:   340        SH:  5    Dex: 11    Spells: 9/9 levels left

rFire   + . .        a - +0 war axe (protect)
rCold   . . .        c - +0 buckler
rNeg    . . .        e - +2 ring mail {rF+}
rPois   .            (helmet unavailable)
rElec   .            (no cloak)
rCorr   .            (no gloves)
SInv    .            (no boots)
Will    .....        (no amulet)
Stlth   ++           y - +4 ring of slaying
HPRegen 0.34/turn    (no ring)
MPRegen 0.11/turn

%: no passive effects
@: under a protective aura
A: horns 3, retaliatory headbutt, thin skeletal structure 1, clumsy 1
a: Renounce Religion


You were on level 8 of the Dungeon.
You worshipped Makhleb.
Makhleb was aware of your devotion.
You visited 2 branches of the dungeon, and saw 9 of its levels.

You collected 340 gold pieces.

Inventory:

Hand Weapons
 a - a +0 war axe of protection (weapon)
Armour
 b - a +0 scale mail
 c - a +0 buckler (worn)
 e - a +2 ring mail of fire resistance (worn)
 h - a scarf of harm
 A - +0 steam dragon scales
Jewellery
 i - a ring of wizardry
 y - a +4 ring of slaying (left hand)
 z - a +6 ring of intelligence
Wands
 g - a wand of charming (12)
 l - a wand of mindburst (9)
 o - a wand of iceblast (16)
Scrolls
 f - 2 scrolls of identify
 j - 3 scrolls of poison
 m - a scroll of enchant weapon {unknown}
 p - 4 scrolls of teleportation
 v - 2 scrolls of brand weapon
Potions
 d - a potion of might
 k - 2 potions of haste
 n - a potion of magic {unknown}
 q - a potion of brilliance
 r - a potion of curing
 s - a potion of invisibility {unknown}
 t - a potion of mutation
 u - a potion of cancellation
 w - 2 potions of attraction {unknown}
 x - a potion of degeneration {unknown}


   Skills:
 + Level 7.6 Fighting
 + Level 11.6 Axes
 + Level 8.6 Armour
 + Level 5.7 Dodging
 + Level 2.5 Stealth
 + Level 6.8 Shields


You had 9 spell levels left.
You didn't know any spells.
Your spell library contained the following spells:

 Spells                   Type           Power      Damage    Failure   Level
 Call Canine Familiar     Summ           0%         N/A       95%         3
 Sigil of Binding         Hex            0%         N/A       95%         3
 Dimensional Bullseye     Hex/Tloc       0%         N/A       100%        4


Dungeon Overview and Level Annotations

Branches:
Dungeon (8/15)             Temple (1/1) D:6
   Lair: D:8-11

Altars:
Ashenzari
Cheibriados
Dithmenos
Elyvilon
Fedhas
Gozag
Kikubaaqudgha
Makhleb
Okawaru
Qazlal
Ru
Sif Muna
Trog
Uskayaw
Vehumet
Wu Jian
Xom
Yredelemnul

Shops:
D:4 !?*


Innate Abilities, Weirdness & Mutations

You have a pair of large horns on your head.
You reflexively headbutt those who attack you in melee.
You have a somewhat thin skeletal structure. (Dex +2, Stealth+)
You are clumsy. (Dex -2)


Message History

The orc priest casts a cantrip, but nothing happens.
The orc warrior barely misses you.
Items here: ))) [ †.
You hit the cyclops but do no damage. You hit the orc warrior.
The orc priest calls upon Beogh to heal the orc warrior.
The orc warrior's wounds heal themselves!
You hear an angry hiss.
You hit the cyclops.
The cyclops is lightly wounded.
You hit the orc warrior.
The orc warrior hits you with a +0 glaive of freezing!
The orc warrior freezes you.
* * * LOW HITPOINT WARNING * * *
You slice the cyclops!!
The cyclops is heavily wounded.
You slash the orc warrior! You hit the orc priest.
The cyclops hits you but does no damage.
The orc priest mumbles some strange prayers to Beogh against you.
Beogh smites you!
* * * LOW HITPOINT WARNING * * *
You block the orc warrior's attack.
You slice the cyclops!!
The cyclops is almost dead.
You barely miss the orc priest. You closely miss the orc warrior.
The cyclops hits you but does no damage.
The orc priest completely misses you. The orc warrior closely misses you.
You furiously retaliate!
You headbutt the orc warrior. You slash the cyclops!
You kill the cyclops!
Makhleb accepts your kill.
You hit the orc warrior but do no damage.
You barely miss the orc priest.
You hear the faint creaking of a very distant portcullis.
The orc priest calls down the wrath of Beogh upon you.
Beogh smites you!
* * * LOW HITPOINT WARNING * * *
You block the orc warrior's attack.
The orc priest calls down the wrath of Beogh upon you.
Beogh smites you!
You die...

♣ ♣..♣ #♣.
♣♣..♣
#.♣♣♣♣♣♣♣..♣
#..(......♣
#.♣♣♣♣♣♣..♣♣
#♣.♣♣ ♣♣..♣#
♣♣.♣♣ ♣♣))♣#
♣♣)♣# ♣♣o)♣♣
♣♣$# ♣♣o@♣
♣♣.♣#
♣♣....♣ ♣.♣♣
♣♣..♣♣
...##♣.♣##
.##
##.#.....#
.#
.#.#.♣♣♣♣#
#. ...#...♣
# ...#)♣♣♣♣#
...#.....#


You could see an orc warrior and an orc priest.

Vanquished Creatures
  A two-headed ogre (D:7)
  A deep elf pyromancer (D:7)
  A cyclops (D:8)
  An ugly thing (D:7)
  A gargoyle (D:8)
  A hornet (D:8)
  A yak (D:8)
  A steam dragon (D:8)
  Menkaure (D:7)
  Duvessa (D:7)
  An ice beast (D:7)
  A sky beast (D:7)
  2 black bears (D:6)
  2 ogres
  An orc warrior (D:8)
  A centaur (D:7)
  2 phantoms
  3 bullfrogs
  4 scorpions
  Dowan (D:7)
  2 howler monkeys
  3 hounds
  3 orc priests
  4 sleepcaps
  An iguana (D:5)
  11 orc wizards
  4 gnolls (D:6)
  13 adders
  2 shadow imps
  2 ufetubi (D:6)
  4 dart slugs
  16 orcs
  3 bats
  8 endoplasms
  A giant cockroach (D:4)
  7 goblins
  6 hobgoblins
  12 jackals
  A quokka (D:1)
  7 ball pythons
  2 frilled lizards (D:1)
  4 kobolds
  4 rats
148 creatures vanquished.

Notes
Turn   | Place    | Note
-------+----------+-------------------------------------------
     0 | D:1      | ONIKS the Minotaur Fighter began the quest for the Orb.
     0 | D:1      | Reached XP level 1. HP: 19/19 MP: 0/0
    99 | D:1      | Reached XP level 2. HP: 25/27 MP: 1/1
   906 | D:2      | Found a white marble altar of Elyvilon.
   990 | D:2      | Reached XP level 3. HP: 33/33 MP: 2/2
  1106 | D:2      | Reached skill level 1 in Dodging
  1813 | D:3      | Reached skill level 3 in Axes
  1813 | D:3      | Reached XP level 4. HP: 31/40 MP: 3/3
  1823 | D:3      | Reached skill level 4 in Axes
  1823 | D:3      | Reached XP level 5. HP: 14/47 MP: 4/4
  2321 | D:3      | Found a shimmering blue altar of Sif Muna.
  2325 | D:3      | Found a bloodstained altar of Trog.
  2488 | D:3      | Found a stormy altar of Qazlal.
  2567 | D:3      | Noticed a phantom
  2580 | D:3      | Killed a phantom
  2581 | D:3      | Reached XP level 6. HP: 53/53 MP: 5/5
  3078 | D:4      | Reached skill level 5 in Axes
  3153 | D:4      | Found Guklepead's Magic Scroll Boutique.
  3193 | D:4      | Found Medgh's Assorted Antiques.
  3377 | D:4      | Found Ageaziwn's Distillery.
  3587 | D:5      | Entered Level 5 of the Dungeon
  3686 | D:5      | Reached skill level 5 in Armour
  3849 | D:5      | Reached skill level 6 in Axes
  3849 | D:5      | Reached XP level 7. HP: 46/60 MP: 6/6
  3928 | D:5      | Reached skill level 5 in Fighting
  3928 | D:5      | Reached skill level 5 in Shields
  4217 | D:5      | Found an opulent altar of Gozag.
  4611 | D:6      | Reached skill level 1 in Stealth
  4682 | D:6      | Reached skill level 7 in Axes
  4861 | D:6      | Reached XP level 8. HP: 62/69 MP: 7/7
  4917 | D:6      | Found a staircase to the Ecumenical Temple.
  4947 | Temple   | Entered the Ecumenical Temple
  5010 | Temple   | Became a worshipper of Makhleb the Destroyer
  6020 | D:7      | Reached skill level 8 in Axes
  6106 | D:7      | Noticed Dowan
  6106 | D:7      | Noticed Duvessa
  6132 | D:7      | Killed Dowan
  6148 | D:7      | Killed Duvessa
  6152 | D:7      | Noticed a boulder beetle
  6159 | D:7      | Gained mutation: You have a somewhat thin skeletal
                  | structure. (Dex +2, Stealth+) [potion of mutation]
  6159 | D:7      | Gained mutation: You are clumsy. (Dex -2) [potion of
                  | mutation]
  6159 | D:7      | Gained mutation: You have a pair of large horns on your
                  | head. [potion of mutation]
  6279 | D:7      | Noticed a deep elf pyromancer
  6292 | D:7      | Killed a deep elf pyromancer
  6293 | D:7      | Reached skill level 9 in Axes
  6293 | D:7      | Reached XP level 9. HP: 40/78 MP: 8/8
  6532 | D:7      | Noticed a two-headed ogre
  6702 | D:7      | Killed a two-headed ogre
  6703 | D:7      | Reached skill level 10 in Axes
  6704 | D:7      | Noticed Menkaure
  6705 | D:7      | Noticed a purple ugly thing
  6716 | D:7      | Killed a purple ugly thing
  6717 | D:7      | Reached skill level 5 in Dodging
  6720 | D:7      | Killed Menkaure
  6720 | D:7      | Reached * piety under Makhleb
  7079 | D:7      | Found an iron altar of Okawaru.
  7184 | D:8      | Found a hide-covered altar of Uskayaw.
  7207 | D:8      | Reached skill level 11 in Axes
  7247 | D:8      | Reached XP level 10. HP: 66/86 MP: 9/9
  7260 | D:8      | Noticed a cyclops
  7263 | D:8      | Noticed a gargoyle
  7270 | D:8      | Killed a gargoyle
  7276 | D:8      | Killed a cyclops
  7277 | D:8      | Killed from afar by an orc priest

Illustrated notes

Levels and vault maps discovered:
D:1:      dpeg_arrival_long_road, layout_loops_cross
D:2:      layout_loops_corners, basic_altar
D:3:      layout_basic, hellmonk_overflow_destroyed_library,
          grunt_qazlal_sundering, hellmonk_no_cap
D:4:      kennysheep_big_flooded_room, layout_cave_pools, serial_shops,
          kennysheep_mini, shop, shop, kennysheep_generic_room_2
D:5:      layout_basic, grunt_gozag_breadcrumbs, kennysheep_dice
D:6:      minmay_flawed_box, layout_basic, minmay_temple_entry_trees,
          kennysheep_generic_room_10
D:7:      layout_gridville, okawaru_gym_becter, st_stairs_2, kb_rosetta,
          uniq_menkaure, uniq_duvessa
D:8:      nzn_winding_woodlands_large [nzn_winding_woodlands_hourglass,
          nzn_winding_woodlands_5x15_longhouse,
          nzn_winding_woodlands_5x5_closed_star,
          nzn_winding_woodlands_center_diamonds,
          nzn_winding_woodlands_15x15_thick_spiral,
          nzn_winding_woodlands_center_lodge, nzn_winding_woodlands_5x5_three,
          nzn_winding_woodlands_5x15_sawtooth,
          nzn_winding_woodlands_5x5_default], layout_basic,
          kennysheep_mini_moat, tso_oasis_becter, nicolae_uskayaw_dance_hall,
          lemuel_coloured_pillars_altar, grunt_lair_entry_orc_guard_hut,
          enter_bailey_4
Temple:   minmay_temple_forest_path

Skill      XL: |  1  2  3  4  5  6  7  8  9 |
---------------+----------------------------+-----
Fighting       | 4 5 6 7 |  7.6
Armour         | 4 5 7 8 |  8.6
Shields        | 4 5 6 |  6.8
Dodging        | 1 2 3 4 5 |  5.7
Axes           | 3 4 6 7 9 11 | 11.6
Stealth        | 1 2 |  2.5

Action                     |  1- 3 |  4- 6 |  7- 9 | 10-12 || total
---------------------------+-------+-------+-------+-------++-------
  Melee: War axe           |    80 |   126 |   185 |    15 ||   406
         Headbutt          |    11 |    13 |    40 |     4 ||    68
    Use: Scroll            |       |       |    12 |       ||    12
         Potion            |       |       |     6 |       ||     6
   Stab: Sleeping          |       |       |     1 |       ||     1
 Armour: Scale mail        |    31 |       |       |       ||    31
         Ring mail         |    50 |    84 |   212 |    10 ||   356
  Dodge: Dodged            |    24 |    63 |   105 |     8 ||   200
  Block: Buckler           |    15 |    29 |    58 |     4 ||   106

Table legend: (Time is in decaauts)
 A = Elapsed time spent in this place.
 B = Non-inter-level travel time spent in this place.
 C = Inter-level travel time spent in this place.
 D = Time resting spent in this place.
 E = Time spent auto-exploring this place.
 F = Levels seen in this place.
 G = Mean time per level.
                   A        B        C        D        E       F      G
               +--------+--------+--------+--------+--------+-----+--------+
         Total |   7366 |   6997 |    369 |   1065 |   4494 |   9 |  818.4 |
       Dungeon |   7246 |   6984 |    262 |   1065 |   4494 |   8 |  905.8 |
        Temple |    119 |     12 |    107 |      0 |      0 |   1 |  119.0 |
               +--------+--------+--------+--------+--------+-----+--------+

Top non-repeatable levels by time:
     D:6: 1412 daAuts
     D:3: 1209 daAuts
     D:7: 1167 daAuts
     D:2: 1032 daAuts
     D:5: 917 daAuts
     D:1: 789 daAuts
     D:4: 618 daAuts
  Temple: 119 daAuts
     D:8: 100 daAuts
